 Dungeon Crawl Stone Soup version 0.24.1 (webtiles) character file.

Game seed: 9893727824795880749, levelgen mode: deterministic

777 Destapler the Skirmisher (level 7, -7/54 HPs)
             Began as a Demonspawn Wanderer on Apr 4, 2020.
             Was a Follower of Ashenzari.
             Mangled by an orc warrior
             ... wielding a +0 battleaxe
              (17 damage)
             ... on level 6 of the Dungeon.
             The game lasted 00:16:32 (6035 turns).

Destapler the Skirmisher (Demonspawn Wanderer)      Turns: 6035, Time: 00:16:32

Health: -7/54      AC:  6    Str: 12    XL:     7   Next: 54%
Magic:  0/18       EV: 13    Int: 12    God:    Ashenzari [*.....]
Gold:   268        SH:  0    Dex: 16    Spells: 3/6 levels left

rFire    . . .     SeeInvis .   z - +5 whip
rCold    . . .     Gourm    .   (no shield)
rNeg     . . .     Faith    .   d - +1 robe
rPois    .         Spirit   +   (helmet restricted)
rElec    .         Reflect  .   (no cloak)
rCorr    .         Harm     .   (no gloves)
MR       .....                  (no boots)
Stlth    +++.......             (no amulet)
HPRegen  0.18/turn              s - +2 ring of evasion
MPRegen  0.16/turn              l - ring of magical power

@: no status effects
A: antennae 1, molten scales 2, powered by death 1, magic shield
a: Curse Item, Scrying, Renounce Religion


You were on level 6 of the Dungeon.
You worshipped Ashenzari.
Ashenzari was aware of your devotion.
You were hungry.

You visited 1 branch of the dungeon, and saw 6 of its levels.

You collected 268 gold pieces.

Inventory:

Hand Weapons
 a - a +2 falchion
 b - a +0 short sword
 e - a +0 dagger
 u - a +2 dagger of speed
 z - a +5 whip (weapon)
Missiles
 o - 47 poisoned darts (quivered)
 q - 6 silver boomerangs
Armour
 d - a +1 robe (worn)
Jewellery
 l - a ring of magical power (right hand)
 s - a +2 ring of evasion (left hand)
 D - the ring "Ajema" {rF+ rC+ Stlth-}
   (You found it on level 4 of the Dungeon)

   [ring of attention]

   It protects you from fire.
   It protects you from cold.
   It makes you less stealthy.
Wands
 y - a wand of random effects (5)
 A - a wand of iceblast (6)
Scrolls
 g - a scroll of silence {unknown}
 h - a scroll of fear {unknown}
 i - 5 scrolls of teleportation
 n - 3 scrolls of blinking
 p - 4 scrolls of remove curse
 v - a scroll of amnesia {unknown}
 w - 2 scrolls of enchant armour
 x - 2 scrolls of magic mapping {unknown}
 C - 4 scrolls of identify
Potions
 c - a potion of lignification
 j - 2 potions of mutation {unknown}
 k - 2 potions of brilliance
 m - 3 potions of curing
 t - a potion of resistance {unknown}
 B - a potion of heal wounds {unknown}
 E - a potion of invisibility {unknown}
Comestibles
 f - 10 rations


   Skills:
 - Level 4.3 Fighting
 - Level 2.5(3.8) Short Blades
 - Level 4.2(4.6) Long Blades
 - Level 4.2 Stealth
 * Level 2.6 Charms
 + Level 2.1 Necromancy
 - Level 3.4 Evocations


You had 3 spell levels left.
You knew the following spells:

 Your Spells              Type           Power        Failure   Level  Hunger
R - Regeneration          Chrm/Necr      #.........   36%         3    ####...

Your spell library contained the following spells:

 Spells                   Type           Power        Failure   Level  Hunger
 Animate Skeleton         Necr           N/A          14%         1    ##.....
 Pain                     Necr           #...         14%         1    ##.....
 Vampiric Draining        Necr           #.........   38%         3    ####...
 Animate Dead             Necr           N/A          80%         4    #####..


Dungeon Overview and Level Annotations

Branches:
Dungeon (6/15)
 Temple: D:4-7

Altars:
Ashenzari
Elyvilon
Gozag
Qazlal

Shops:
D:5 *


Innate Abilities, Weirdness & Mutations

You have a pair of small antennae on your head.
You are mostly covered in molten scales. (AC +3)
You regenerate a little health from kills.
When hurt, damage is shared between your health and your magic reserves.


Message History

The orc warrior hits you with a +0 battleaxe!
You barely miss the orc warrior. The orc warrior misses you.
You closely miss the orc warrior.
The orc warrior hits you with a +0 battleaxe.
You hit the orc warrior.
The orc warrior is lightly wounded.
The orc warrior hits you with a +0 battleaxe!!
* * * LOW HITPOINT WARNING * * *
You hit the orc warrior.
The orc warrior is lightly wounded.
You barely miss the orc warrior.
The orc warrior is lightly wounded.
The orc warrior hits you with a +0 battleaxe!
* * * LOW HITPOINT WARNING * * *
You are feeling hungry.
As you read the scroll labeled YFIAVV YNLIE, it crumbles to dust.
It is a scroll of enchant weapon.
Your +4 whip glows red for a moment.
The orc warrior hits you with a +0 battleaxe!!
You die...

#.....####..#.....
####.)....#.........
#.##................
##.....###...........
#..##o.###...........
##.##................
#.o#................
##.o..###..........#
#.@..#............#
#..............##.#
.................##
.+ .....###.........#
.# ......##
#............. ....##
##............# ....
...........##.. ...
............# .
##.............


You could see an orc warrior and 2 orcs.

Vanquished Creatures
  2 ogres
  A howler monkey (D:5)
  2 crimson imps
  2 bullfrog zombies
  3 hounds
  3 orc wizards
  4 worker ants
  A hound skeleton (D:4)
  5 adders
  An ooze (D:5)
  An adder skeleton (D:5)
  3 worms (D:3)
  2 dart slugs
  4 leopard geckos
  13 orcs
  3 ball pythons
  7 bats
  2 giant cockroaches (D:5)
  9 goblins
  9 hobgoblins
  3 jackals
  6 kobolds
  7 frilled lizards
  A giant cockroach zombie (D:5)
  5 rats
99 creatures vanquished.

Notes
Turn   | Place    | Note
-------+----------+-------------------------------------------
     0 | D:1      | Destapler the Demonspawn Wanderer began the quest for the
                  | Orb.
     0 | D:1      | Destapler set off with the following items: a +2 falchion,
                  | a +0 short sword, a potion of lignification, a +0 robe, a
                  | +0 dagger, a ration
     0 | D:1      | Reached XP level 1. HP: 16/16 MP: 2/2
   462 | D:1      | Gained mutation: You have a pair of small antennae on your
                  | head. [demonic ancestry]
   462 | D:1      | Reached XP level 2. HP: 15/22 MP: 3/3
  1696 | D:2      | Reached XP level 3. HP: 28/28 MP: 4/4
  2330 | D:2      | Found a faded altar of an unknown god.
  2330 | D:2      | Found a stormy altar of Qazlal.
  2337 | D:2      | Found an opulent altar of Gozag.
  2343 | D:2      | Found a faded altar of an unknown god.
  2344 | D:2      | Found a white marble altar of Elyvilon.
  2349 | D:2      | Became a worshipper of Ashenzari the Shackled
  2349 | D:2      | Reached * piety under Ashenzari
  2799 | D:3      | Gained mutation: You regenerate a little health from kills.
                  | [demonic ancestry]
  2799 | D:3      | Reached XP level 4. HP: 28/35 MP: 5/5
  3557 | D:3      | Noticed an ogre
  3967 | D:3      | Killed an ogre
  3967 | D:3      | Reached skill level 1 in Short Blades
  3967 | D:3      | Gained mutation: You are partially covered in molten
                  | scales. (AC +2) [demonic ancestry]
  3967 | D:3      | Reached XP level 5. HP: 9/41 MP: 3/6
  4562 | D:4      | Gained mutation: When hurt, damage is shared between your
                  | health and your magic reserves. [demonic ancestry]
  4562 | D:4      | Reached XP level 6. HP: 36/48 MP: 8/8
  4834 | D:4      | Identified the ring "Ajema" {rF+ rC+ Stlth-}
  5191 | D:5      | Entered Level 5 of the Dungeon
  5294 | D:5      | Gained mutation: You are mostly covered in molten scales.
                  | (AC +3) [demonic ancestry]
  5294 | D:5      | Reached XP level 7. HP: 36/54 MP: 9/9
  5335 | D:5      | Learned a level 3 spell: Regeneration
  5400 | D:5      | Reached skill level 1 in Charms
  5400 | D:5      | Reached skill level 1 in Necromancy
  5822 | D:5      | Found Veovuwar's Lightly-Used Armoury.
  6035 | D:6      | Mangled by an orc warrior

Levels and vault maps discovered:
D:1:      elethiomel_arrival_quiet, layout_basic
D:2:      layout_basic, chequers_temple_overflow_minitemple,
          minmay_misc_feat_doors, minmay_misc_feat_encased, feat_on_display
D:3:      cheibrodos_helix_gallery, layout_loops_ring, grunt_decor_clamped,
          minmay_joined_circles
D:4:      layout_loops_ring
D:5:      layout_layer_cave, first_ration, minmay_misc_feat_alley,
          minmay_shop_damaged
D:6:      layout_layer_cave, minmay_temple_entry_glassed_door, basic_altar

Skill      XL: |  1  2  3  4  5  6  7 |
---------------+----------------------+-----
Stealth        | 2 3 4 |  4.2
Long Blades    | 4 |  4.2
Fighting       | 3 4 |  4.3
Short Blades   | 1 2 |  2.5
Evocations     | 3 |  3.4
Charms         | 2 |  2.6
Necromancy     | 2 |  2.1

Action                   |  1- 3 |  4- 6 |  7- 9 || total
-------------------------+-------+-------+-------++-------
Melee: Falchion          |   101 |     3 |       ||   104
       Dagger            |       |    70 |       ||    70
       Whip              |       |   106 |   118 ||   224
Throw: Dart              |       |    31 |       ||    31
Evoke: Wand              |       |     5 |       ||     5
  Use: Scroll            |       |     5 |     1 ||     6
 Stab: Sleeping          |     6 |     5 |     1 ||    12
  Eat: Chunk             |     5 |     9 |     2 ||    16
Armor: Robe              |    11 |    27 |    35 ||    73
Dodge: Dodged            |    67 |    92 |    87 ||   246
       Rpst.: Falchion   |    24 |       |       ||    24
